 Dungeon Crawl Stone Soup version 0.25-a0-589-g1e14c549ee (webtiles) character file.

Game seed: 17896574224955386660, levelgen mode: deterministic

7606 Aggronaut the Grappler (level 10, -7/70 HPs)
             Began as a Demonspawn Fighter on Mar 12, 2020.
             Was a High Priest of Ru.
             Mangled by a dire elephant (16 damage)
             ... in a Gauntlet.
             The game lasted 00:39:14 (11956 turns).

Aggronaut the Grappler (Demonspawn Fighter)        Turns: 11956, Time: 00:39:14

Health: -7/70      AC: 13    Str: 20    XL:     10   Next: 98%
Magic:  0/10       EV: 11    Int: 10    God:    Ru [*****.]
Gold:   76         SH:  0    Dex: 12    Spells: 9/9 levels left

rFire    x . .     SeeInvis .     - Unarmed
rCold    . . .     Gourm    .   (no shield)
rNeg     . . .     Faith    .   r - quicksilver dragon scales
rPois    .         Spirit   +   G - +1 helmet
rElec    .         Reflect  .   A - scarf {Spirit}
rCorr    +         Harm     .   (no gloves)
MR       +....     NoTele   +   K - +0 pair of boots {Fly}
Stlth    +.........             (no amulet)
HPRegen  0.21/turn              l - ring of resist corrosion
MPRegen  0.12/turn              t - ring of protection from cold

@: exhausted, flying, lightly drained
A: claws 2, foul stench 1, rot immunity, hated by all, no air magic, no
conjurations magic, no transmutations magic, temperature sensitive, sturdy frame
2
a: Sacrifice an Eye, Sacrifice Courage, Sacrifice Essence, Reject Sacrifices,
Draw Out Power, Power Leap, Apocalypse, Renounce Religion, Stop Flying


You were in a Gauntlet.
You worshipped Ru.
Ru was extremely pleased with you.
You were not hungry.

You visited 1 branch of the dungeon, and saw 11 of its levels.
You also visited: Gauntlet.

You collected 814 gold pieces.
You spent 738 gold pieces at shops.

Inventory:

Hand Weapons
 H - the +7 fustibalus of Peeriqaos {flame, rPois Dex+3}
   (You found it on level 9 of the Dungeon)

   It causes projectiles fired from it to burn those they strike, causing extra
   injury to most foes and up to half again as much damage against particularly
   susceptible opponents.
   It affects your dexterity (+3).
   It protects you from poison.
Missiles
 m - 33 poisoned darts (quivered)
Armour
 k - a +1 pair of boots
 r - quicksilver dragon scales (worn)
 A - a scarf of spirit shield (worn)
 G - a +1 helmet (worn)
 K - a +0 pair of boots of flying (worn)
 L - a +1 cloak of poison resistance
Jewellery
 l - a ring of resist corrosion (left claw)
 t - a ring of protection from cold (right claw)
 M - the ring of Phasing {EV+8}
   (You found it in a Gauntlet)

   [ring of evasion]

   It affects your evasion (+8).
Wands
 a - a wand of scattershot (4)
 b - a wand of clouds (1)
 x - a wand of polymorph (10)
 F - a wand of iceblast (1)
 J - a wand of disintegration (12)
Scrolls
 g - 3 scrolls of enchant armour
 h - 3 scrolls of fog
 i - 5 scrolls of remove curse
 j - 3 scrolls of teleportation
 n - 2 scrolls of blinking {unknown}
 o - 2 scrolls of immolation {unknown}
 p - a scroll of amnesia
 w - a scroll of magic mapping {unknown}
 y - a scroll of enchant weapon
 D - a scroll of fear
Potions
 c - a potion of might
 d - a potion of degeneration {unknown}
 e - a potion of ambrosia
 q - 6 potions of curing
 s - 2 potions of heal wounds
 u - 2 potions of stabbing
 v - a potion of resistance
 z - a potion of magic
 B - 3 potions of berserk rage
 C - 2 potions of lignification
 E - a potion of haste
 I - a potion of mutation {unknown}
 N - a potion of flight {unknown}
Comestibles
 f - 19 rations


   Skills:
 - Level 3.0(2.6) Fighting
   Level 2.5(2.1) Axes
 - Level 2.6(2.3) Armour
   Level 2.6(2.3) Shields
 + Level 14.6(14.2) Unarmed Combat


You had 9 spell levels left.
You didn't know any spells.
Your spell library contained the following spells:

 Spells                   Type           Power        Failure   Level  Hunger
 Apportation              Tloc           #.....       38%         1    ##.....
 Corona                   Hex            #......      38%         1    ##.....
 Inner Flame              Hex/Fire       #.......     77%         3    ####...
 Animate Skeleton         Necr           Unusable     N/A         1    N/A
 Foxfire                  Conj/Fire      Unusable     N/A         1    N/A
 Summon Small Mammal      Summ           Unusable     N/A         1    N/A
 Conjure Flame            Conj/Fire      Unusable     N/A         3    N/A
 Sticky Flame             Conj/Fire      Unusable     N/A         4    N/A
 Fireball                 Conj/Fire      Unusable     N/A         5    N/A

Dungeon Overview and Level Annotations

Branches:
Dungeon (11/15)            Temple (0/1) D:7            Lair (0/6) D:9
Gauntlet (1/1)
    Orc: D:9-12

Altars:
Ashenzari
Elyvilon
Fedhas
Gozag
Makhleb
Nemelex Xobeh
Okawaru
Qazlal
Ru
Sif Muna
Trog
Vehumet
The Shining One

Shops:
D:4 %   D:7 %   D:8 !   D:9 *   D:10 }([(*

Portals:
Trove: D:10 (give +5 demon whip)

Annotations:
D:4 exclusion: statue Gauntlet 2 runed translucent doors, 6 transporters


Innate Abilities, Weirdness & Mutations

You have very sharp fingernails.
((A weak demonic guardian rushes to your aid.))
You may emit foul miasma when damaged in melee.
You are immune to rotting.
You are hated by all.
You cannot study or cast Air magic.
You cannot study or cast Conjurations magic.
You cannot study or cast Transmutations magic.
You are sensitive to extremes of temperature. (rF-, rC-)
Your movements are less encumbered by armour. (ER -4)


Message History

The dire elephant completely misses you.
The dire elephant closely misses you. The dire elephant tramples you!!
You are shoved backwards!
You focus your will and slow the dire elephant in retribution!
There is a transporter landing site here.
You don't have enough magic at the moment.
The dire elephant barely misses you. The dire elephant trunk-slaps you!
You feel less exhausted.
Okay, then.
Okay, then.
Aiming: Power Leap
Press: ? - help, Dir - move target cursor The dire elephant tramples you!!
* * * LOW HITPOINT WARNING * * *
You are shoved backwards!
You feel much better. The dire elephant tramples you!!
* * * LOW HITPOINT WARNING * * *
You are shoved backwards!
The dire elephant tramples you!
You die...

#..###..#©..©...#©
#..##≈§.#[..###.##
#..###§.#?###.#3#.
#....#..#....3#3#. #
#...©#..#########.
#.##....#.∩..........
#.......#............
####...©#..##########
#@...#..#.........
#.Y###..#.#.#.#.#.
#..##≈§.#..#.#.#..
#..###.§#.#.#.#.#.
#..##≈..#©.#.©.#..
#..###..#.#.#.#.#.
#####≈..#..#.#.#..
##..#.#.#.#.#.
#≈..#.........


You could see a dire elephant.

Vanquished Creatures
  A two-headed ogre (D:10)
  A tengu warrior (Gauntlet)
  A troll (D:10)
  2 tengu conjurers (Gauntlet)
  A yak (D:7)
  A human (D:7)
  A basilisk (D:10)
  3 hogs (D:7)
  5 soldier ants (D:11)
  2 orc warriors
  A hornet zombie (D:9)
  4 sky beasts
  An ice beast (D:10)
  A phantom (D:5)
  2 necrophages
  A black bear (D:4)
  2 ogres (D:7)
  2 centaurs
  A big kobold (D:7)
  4 bullfrogs
  24 killer bees
  4 wights (D:10)
  An electric eel (D:6)
  A crimson imp (D:5)
  A bullfrog zombie (D:5)
  2 jellies (D:9)
  5 hounds
  2 centaur skeletons (D:5)
  5 orc priests
  10 orc wizards
  2 bullfrog skeletons
  3 iguanas
  8 worker ants
  A worker ant zombie (D:9)
  2 gnolls (D:4)
  2 howler monkey skeletons
  10 adders
  A shadow imp (D:10)
  An ooze (D:4)
  An adder skeleton (D:7)
  3 worms
  2 dart slugs
  8 leopard geckos
  35 orcs
  A ball python (D:2)
  11 bats
  4 giant cockroaches
  11 goblins
  11 hobgoblins
  8 jackals
  8 kobolds
  5 quokkas
  6 frilled lizards
  2 leopard gecko skeletons
  A quokka zombie (D:5)
  5 rats
244 creatures vanquished.

Vanquished Creatures (others)
  An ogre (D:9)
  A killer bee (D:7)
2 creatures vanquished.

Grand Total: 246 creatures vanquished

Notes
Turn   | Place    | Note
-------+----------+-------------------------------------------
     0 | D:1      | Aggronaut the Demonspawn Fighter began the quest for the
                  | Orb.
     0 | D:1      | Reached XP level 1. HP: 18/18 MP: 1/1
    53 | D:1      | Gained mutation: You have sharp fingernails. [demonic
                  | ancestry]
    53 | D:1      | Reached XP level 2. HP: 12/24 MP: 2/2
   460 | D:1      | Reached skill level 1 in Unarmed Combat
   841 | D:2      | Gained mutation: Your movements are slightly less
                  | encumbered by armour. (ER -2) [demonic ancestry]
   841 | D:2      | Reached XP level 3. HP: 19/29 MP: 3/3
  1068 | D:2      | Reached skill level 2 in Unarmed Combat
  1527 | D:3      | Gained mutation: You are immune to rotting. [demonic
                  | ancestry]
  1527 | D:3      | Reached XP level 4. HP: 33/35 MP: 4/4
  1584 | D:3      | Reached skill level 3 in Unarmed Combat
  1681 | D:3      | Found an iron altar of Okawaru.
  2178 | D:3      | Found a sacrificial altar of Ru.
  2358 | D:3      | Found a burning altar of Makhleb.
  2358 | D:3      | Found a bloodstained altar of Trog.
  2364 | D:3      | Found a white marble altar of Elyvilon.
  2366 | D:3      | Found a faded altar of an unknown god.
  2367 | D:3      | Found a faded altar of an unknown god.
  2387 | D:3      | Became a worshipper of Ru the Awakened
  2408 | D:3      | Gained mutation: You are hated by all. [Ru sacrifice]
  2408 | D:3      | Reached * piety under Ru
  2511 | D:3      | Found a faded altar of an unknown god.
  2816 | D:4      | Gained mutation: You have very sharp fingernails. [demonic
                  | ancestry]
  2816 | D:4      | Reached XP level 5. HP: 10/41 MP: 5/5
  3105 | D:4      | Reached skill level 4 in Unarmed Combat
  3265 | D:4      | Reached skill level 5 in Unarmed Combat
  3265 | D:4      | Gained mutation: A weak demonic guardian rushes to your
                  | aid. [demonic ancestry]
  3265 | D:4      | Reached XP level 6. HP: 31/47 MP: 6/6
  3380 | D:4      | Found Kuomul's Food Emporium.
  3419 | D:4      | Found a radiant altar of Vehumet.
  4176 | D:5      | Entered Level 5 of the Dungeon
  4217 | D:5      | Reached skill level 6 in Unarmed Combat
  4250 | D:5      | Found a stormy altar of Qazlal.
  4399 | D:5      | Found a sparkling altar of Nemelex Xobeh.
  4456 | D:5      | Reached XP level 7. HP: 39/52 MP: 7/7
  4464 | D:5      | HP: 2/52 [ogre/+0 giant club (17)]
  5005 | D:5      | Reached skill level 7 in Unarmed Combat
  5255 | D:5      | Reached skill level 8 in Unarmed Combat
  5768 | D:5      | Gained mutation: Your movements are less encumbered by
                  | armour. (ER -4) [demonic ancestry]
  5768 | D:5      | Reached XP level 8. HP: 58/58 MP: 8/8
  5883 | D:6      | Gained mutation: You are sensitive to extremes of
                  | temperature. (rF-, rC-) [Ru sacrifice]
  5883 | D:6      | Reached ** piety under Ru
  5883 | D:6      | Reached *** piety under Ru
  5883 | D:6      | Reached **** piety under Ru
  5887 | D:6      | Found a white marble altar of Elyvilon.
  5894 | D:6      | Got an ebony long sword
  5895 | D:6      | Identified the +4 long sword "Dayrenusm" {vorpal, Int+9}
                  | (You found it on level 6 of the Dungeon)
  6641 | D:7      | Reached skill level 9 in Unarmed Combat
  6658 | D:7      | Found Wadaper's Food Emporium.
  6670 | D:7      | Found a staircase to the Ecumenical Temple.
  6912 | D:7      | Reached skill level 10 in Unarmed Combat
  7052 | D:7      | Reached XP level 9. HP: 46/63 MP: 6/9
  7275 | D:7      | Found a shattered altar of Ashenzari.
  7288 | D:7      | Found a blossoming altar of Fedhas.
  8272 | D:8      | Found Elodwiur's Distillery.
  8278 | D:8      | Bought a potion of heal wounds for 60 gold pieces
  8278 | D:8      | Bought a potion of curing for 36 gold pieces
  8278 | D:8      | Bought a potion of berserk rage for 60 gold pieces
  8278 | D:8      | Bought a potion of heal wounds for 60 gold pieces
  8278 | D:8      | Bought a potion of lignification for 36 gold pieces
  8343 | D:8      | Reached skill level 11 in Unarmed Combat
  8946 | D:8      | Gained mutation: You cannot study or cast Air magic. [Ru
                  | sacrifice]
  8946 | D:8      | Gained mutation: You cannot study or cast Transmutations
                  | magic. [Ru sacrifice]
  8946 | D:8      | Gained mutation: You cannot study or cast Conjurations
                  | magic. [Ru sacrifice]
  8946 | D:8      | Reached ***** piety under Ru
  9019 | D:8      | Found a shimmering blue altar of Sif Muna.
  9180 | D:9      | Found an opulent altar of Gozag.
  9258 | D:9      | Found Caxaot's Assorted Antiques.
  9536 | D:9      | Bought a scroll of identify for 64 gold pieces
  9536 | D:9      | Bought an opalescent robe for 182 gold pieces
  9546 | D:9      | Identified the +5 robe of the Beginning {rF- Int+5} (You
                  | bought it in a shop on level 9 of the Dungeon)
  9676 | D:9      | Found a glowing golden altar of the Shining One.
  9691 | D:9      | Reached skill level 12 in Unarmed Combat
 10287 | D:9      | Found a staircase to the Lair.
 10302 | D:9      | Got an ancient fustibalus
 10303 | D:9      | Identified the +7 fustibalus of Peeriqaos {flame, rPois
                  | Dex+3} (You found it on level 9 of the Dungeon)
 10332 | D:10     | Entered Level 10 of the Dungeon
 10361 | D:10     | Gained mutation: You may emit foul miasma when damaged in
                  | melee. [demonic ancestry]
 10361 | D:10     | Reached XP level 10. HP: 67/70 MP: 10/10
 10421 | D:10     | Found a portal to a secret trove of treasure.
 10458 | D:10     | Found Raff's Weapon Emporium.
 10468 | D:10     | Reached skill level 13 in Unarmed Combat
 10492 | D:10     | Noticed a two-headed ogre
 10555 | D:10     | Killed a two-headed ogre
 10745 | D:10     | Found Ogrur's Gadget Shop.
 10753 | D:10     | Found Raxtimp's Antique Weapon Shoppe.
 10763 | D:10     | Found Wyiphuob's Antique Armour Boutique.
 10777 | D:10     | Bought a pair of runed boots for 240 gold pieces
 11130 | D:10     | Found Peokuxui's Assorted Antiques.
 11354 | D:11     | Found a gate leading to a gauntlet.
 11440 | D:11     | Reached skill level 14 in Unarmed Combat
 11441 | D:11     | Noticed a purple ugly thing
 11447 | Gauntlet | Entered a Gauntlet
 11447 | Gauntlet | Found a runed translucent door.
 11447 | Gauntlet | Found a transporter.
 11447 | Gauntlet | Found a transporter.
 11447 | Gauntlet | Found a transporter.
 11447 | Gauntlet | Found a runed translucent door.
 11519 | Gauntlet | Found a transporter.
 11519 | Gauntlet | Noticed a tengu warrior
 11522 | Gauntlet | Found a transporter.
 11528 | Gauntlet | Noticed a soul eater
 11534 | Gauntlet | Found a transporter.
 11536 | Gauntlet | Noticed a sixfirhy
 11536 | Gauntlet | Noticed a sixfirhy
 11539 | Gauntlet | Found a transporter.
 11540 | Gauntlet | Noticed a sixfirhy
 11545 | Gauntlet | Found a transporter.
 11559 | Gauntlet | Noticed an elephant
 11561 | Gauntlet | Noticed a dire elephant
 11563 | Gauntlet | Found a transporter.
 11565 | Gauntlet | Found the ring of Phasing {EV+8}
 11590 | Gauntlet | Found a transporter.
 11593 | Gauntlet | Found a transporter.
 11608 | Gauntlet | Found a transporter.
 11612 | Gauntlet | Noticed a tengu warrior
 11673 | Gauntlet | Killed a tengu warrior
 11951 | Gauntlet | HP: 2/70 [dire elephant (23)]
 11956 | Gauntlet | Mangled by a dire elephant

Levels and vault maps discovered:
D:1:      dpeg_arrival_pond, layout_basic, minmay_pentomino_z4
D:2:      layout_rooms
D:3:      layout_basic, overflow_temple_1_default,
          chequers_temple_overflow_minitemple, chequers_ecumenical_altar_simple,
          okawaru_ov_weapons_minmay
D:4:      kennysheep_the_goblin_king, layout_basic, vehumet_statue,
          serial_shops, shop, minmay_pentomino_pile
D:5:      layout_gridville, nicolae_overflow_crystal_walls, first_ration,
          nemelex_xobeh_ov_fountains_minmay
D:6:      layout_gridville, fountainhead, elyvilon_altar_3
D:7:      layout_loops_ring, lemuel_round_altar, minmay_temple_entry_hall,
          serial_shops, shop_fountains, grunt_livestock, fedhas_ov_isle_minmay
D:8:      layout_loops_corners, kennysheep_mini_moat, serial_shops,
          shop_fountains
D:9:      layout_roguey, nicolae_gozag_seed_capital, lair_entry_dummy,
          serial_shops, shop_statue, tso_metal_star
D:10:     layout_rooms, serial_shops, shop, nicolae_shop_behind_doors,
          kennysheep_little_box, shop, shop, enter_trove_0
D:11:     layout_rooms, erik_orc_2, serial_shops, shop_fountains,
          gauntlet_entry_generic, minivault_29
Gauntlet: minmay_gauntlet_mixed_big_or_small [nicolae_gauntlet_arena_blocks,
          minmay_gauntlet_arena_77_shame_cube, nicolae_gauntlet_arena_grate_2,
          minmay_gauntlet_arena_77_two_lines, gammafunk_gauntlet_arena_grid,
          minmay_gauntlet_arena_77_mirror, gauntlet_exit_spiral]

Skill      XL: |  1  2  3  4  5  6  7  8  9 10 |
---------------+-------------------------------+-----
Axes           | 2 |  2.5
Unarmed Combat | 1 2 3 5 6 8 10 12 14 | 14.6
Fighting       | |  3.0
Armour         | |  2.6
Shields        | |  2.6

Action                   |  1- 3 |  4- 6 |  7- 9 | 10-12 || total
-------------------------+-------+-------+-------+-------++-------
Melee: War axe           |    33 |       |       |       ||    33
       Unarmed           |   142 |   233 |   379 |   130 ||   884
       Punch             |     2 |     3 |    12 |     5 ||    22
Throw: Dart              |     4 |       |    37 |     1 ||    42
Invok: Sacrifice Love    |       |     1 |       |       ||     1
       Draw Out Power    |       |       |     1 |     2 ||     3
       Sacrifice Resista |       |       |     1 |       ||     1
       Power Leap        |       |       |     2 |     1 ||     3
       Sacrifice Arcana  |       |       |     1 |       ||     1
       Apocalypse        |       |       |       |     1 ||     1
Evoke: Wand              |       |     2 |     1 |     3 ||     6
  Use: Potion            |       |     3 |     5 |     1 ||     9
       Scroll            |       |     5 |    12 |     1 ||    18
 Stab: Distracted        |       |       |     3 |       ||     3
       Invisible         |       |       |     1 |       ||     1
       Paralysed         |       |       |       |     2 ||     2
  Eat: Chunk             |     2 |     9 |    19 |     5 ||    35
Armor: Scale mail        |    81 |    83 |    90 |       ||   254
       Quicksilver drago |       |       |    51 |    49 ||   100
Dodge: Dodged            |    88 |    95 |   152 |    82 ||   417

Table legend:
 A = Non-vault XP
 B = Vault XP
 C = Vault XP percentage of total XP
 D = Non-vault monster count
 E = Vault monster count
 F = Vault count percentage of total count
                 A         B        C        D         E       F
            +---------+---------+-------+---------+---------+-------
      Total |    7643 |    3224 |  29.7 |     217 |      29 |  11.8
            +---------+---------+-------+---------+---------+-------
        D:1 |      24 |       6 |  20.0 |      14 |       3 |  17.6
        D:2 |      59 |       0 |   0.0 |      26 |       0 |   0.0
        D:3 |      88 |       0 |   0.0 |      27 |       0 |   0.0
        D:4 |     392 |     133 |  25.3 |      24 |      11 |  31.4
        D:5 |     733 |       0 |   0.0 |      15 |       0 |   0.0
        D:6 |     217 |       0 |   0.0 |      12 |       0 |   0.0
        D:7 |     723 |     918 |  55.9 |      20 |       5 |  20.0
        D:8 |     445 |       0 |   0.0 |      10 |       0 |   0.0
        D:9 |    1666 |       0 |   0.0 |      30 |       0 |   0.0
       D:10 |    3106 |       0 |   0.0 |      36 |       0 |   0.0
       D:11 |     190 |     838 |  81.5 |       3 |       7 |  70.0
   Gauntlet |       0 |    1329 | 100.0 |       0 |       3 | 100.0
            +---------+---------+-------+---------+---------+-------
